 Dungeon Crawl Stone Soup version 0.26-a0-651-gb41185065b (webtiles) character file.

Game seed: 5338695370227497521

6570 avis the Transmogrifier (level 11, -7/122 HPs)
             Began as an Ogre Transmuter on Sept 27, 2020.
             Was an Elder of Okawaru.
             Mangled by a blink frog (9 damage)
             ... on level 1 of the Lair of Beasts on Oct 1, 2020.
             The game lasted 01:06:00 (10048 turns).

avis the Transmogrifier (Ogre Transmuter)          Turns: 10048, Time: 01:06:01

Health: -7/122     AC:  7    Str: 22    XL:     11   Next: 1%
Magic:  14/17      EV: 11    Int: 17    God:    Okawaru [****..]
Gold:   404        SH:  0    Dex:  9    Spells: 4/18 levels left

rFire    x x .     SeeInvis .     - Unarmed
rCold    + + +     Faith    +   (shield currently unavailable)
rNeg     . . .     Spirit   .   (armour currently unavailable)
rPois    +         Reflect  .   (helmet currently unavailable)
rElec    .         Harm     .   (cloak currently unavailable)
rCorr    .         Rampage  .   (gloves unavailable)
MR       +....                  (boots unavailable)
Stlth    +.........             i - amulet of faith
HPRegen  0.30/turn              D - ring of ice
MPRegen  0.15/turn              A - +6 ring of strength

@: ice-form
A: large, unfitting armour
a: End Transformation, Heroism, Renounce Religion


You were on level 1 of the Lair of Beasts.
You worshipped Okawaru.
Okawaru was greatly pleased with you.
You were a creature of crystalline ice.
You visited 3 branches of the dungeon, and saw 10 of its levels.
You also visited: Sewer.

You collected 404 gold pieces.

Inventory:

Hand Weapons
 a - the +0 falchion "Tami Vyt" {vorpal, Dex+5}
   (You found it on level 7 of the Dungeon)

   It inflicts extra damage upon your enemies.
   It affects your dexterity (+5).
 k - a +0 giant spiked club
 C - the +11 short sword "Hellblazer" {vorpal, rF++, unknown}
   (You found it on level 1 of the Lair of Beasts)

   It inflicts extra damage upon your enemies.
   It greatly protects you from fire.
Missiles
 b - 98 stones
 c - 76 sling bullets
 e - 43 poisoned darts (quivered)
 f - 8 javelins
 j - 13 arrows
 q - 12 boomerangs
Armour
 H - the +1 robe of the Past (melded) {*Contam Rampage +Inv Str+3}
   (You found it on level 6 of the Dungeon)

   It affects your strength (+3).
   It lets you turn invisible.
   It causes magical contamination when unequipped.
   It bestows one free step when moving towards enemies.
Jewellery
 i - an amulet of faith (around neck)
 v - an uncursed ring of see invisible
 x - an uncursed amulet of reflection {unknown}
 A - a +6 ring of strength (right front paw)
 D - a ring of ice (left front paw)
Wands
 l - a wand of flame (10)
 s - a wand of random effects (14)
 E - a wand of paralysis (7)
 F - a wand of enslavement (3)
Scrolls
 m - 4 scrolls of teleportation
 p - a scroll of enchant weapon {unknown}
 w - 3 scrolls of remove curse
 y - a scroll of immolation
 G - a scroll of fog
 K - 2 scrolls of blinking
Potions
 d - a potion of heal wounds
 g - a potion of ambrosia
 h - 3 potions of flight
 n - a potion of berserk rage
 o - 3 potions of lignification
 r - 2 potions of brilliance
 t - 3 potions of might
 u - a potion of stabbing {unknown}
 z - a potion of mutation {unknown}
 B - 2 potions of cancellation
 M - 2 potions of resistance {unknown}


   Skills:
 - Level 5.0 Fighting
 - Level 5.0 Dodging
 + Level 6.5 Unarmed Combat
 - Level 4.0 Spellcasting
 + Level 8.6 Transmutations
 - Level 4.0 Ice Magic
 - Level 3.0 Poison Magic
 + Level 5.0 Invocations
 - Level 5.0 Evocations


You had 4 spell levels left.
You knew the following spells:

 Your Spells              Type           Power        Failure   Level
b - Wereblood             Tmut           ####....     1%          2
p - Spider Form           Tmut/Pois      ###.......   4%          3
q - Ice Form              Ice/Tmut       #####...     12%         4
B - Blade Hands           Tmut           ####......   12%         5

Your spell library contained the following spells:

 Spells                   Type           Power        Failure   Level
 Beastly Appendage        Tmut           ####..       1%          1
 Animate Skeleton         Necr           #.....       16%         1
 Apportation              Tloc           #.....       16%         1
 Corona                   Hex            #......      16%         1
 Summon Small Mammal      Summ           #...         16%         1


Dungeon Overview and Level Annotations

Branches:
Dungeon (8/15)             Temple (1/1) D:7            Lair (1/6) D:8
  Sewer (visited)

Altars:
Cheibriados
Dithmenos
Elyvilon
Fedhas
Gozag
Hepliaklqana
Kikubaaqudgha
Makhleb
Nemelex Xobeh
Okawaru
Qazlal
Ru
Sif Muna
Trog
Uskayaw
Vehumet
Wu Jian
Xom
Yredelemnul
Zin
Beogh


Innate Abilities, Weirdness & Mutations

You are too large for most types of armour.
((You have tough skin. (AC +1)))


Message History

The six-headed hydra barely misses you. The six-headed hydra bites you.
* * * LOW HITPOINT WARNING * * *
The six-headed hydra completely misses you.
The six-headed hydra bites you!
* * * LOW HITPOINT WARNING * * *
The six-headed hydra bites you.
* * * LOW HITPOINT WARNING * * *
The six-headed hydra bites you!
* * * LOW HITPOINT WARNING * * *
You completely miss the six-headed hydra.
The six-headed hydra is almost dead.
You pummel the six-headed hydra!! You freeze the six-headed hydra.
You kill the six-headed hydra!
Okawaru is honoured by your kill.
Training target 5.0 for Evocations reached!
Your Invocations skill increases to level 5!
Your Evocations skill increases to level 5!
You have reached level 11!
The blink frog hits you!
You die...

##############
#..#..#......##
#.............###
.............#..#
####.FY##.P....##
##..#####D...##
######..#######....###
............# ##....P#
............# #.....##
............# #..#....#
###..##..##.........?..#
#.. #####..##.D.......#
#... #..#...........


You could see a blink frog.

Vanquished Creatures
  A hydra (Lair:1)
  Joseph (D:8)
  Prince Ribbit (D:5)
  A hippogriff (D:8)
  Sigmund (D:2)
  A basilisk (D:8)
  6 yaks (D:8)
  Eustachio (D:6)
  The ghost of sahdkjhfkaj the Covered, an amateur GnWn (D:2)
  Menkaure (D:6)
  Edmund (D:6)
  2 porcupines (D:8)
  2 sky beasts
  3 orc warriors
  An ice beast (D:7)
  3 phantoms
  3 centaurs
  3 ogres
  A crocodile (D:8)
  3 big kobolds (Sewer)
  5 bullfrogs
  3 scorpions
  6 wights (D:6)
  2 howler monkeys (D:8)
  A quasit (D:8)
  2 orc priests
  4 hounds
  5 orc wizards
  A centaur skeleton (D:6)
  Terence (D:3)
  6 worker ants
  2 iguanas
  A hound zombie (D:8)
  2 worker ant zombies (D:6)
  8 gnolls (D:7)
  4 river rats (Sewer)
  5 adders
  2 shadow imps
  3 white imps
  2 ufetubi
  6 oozes
  2 adder skeletons
  7 worms
  A dart slug (D:3)
  3 leopard geckos
  28 orcs
  10 ball pythons
  3 bats
  3 giant cockroaches
  6 hobgoblins
  4 jackals (D:3)
  2 quokkas
  5 frilled lizards
  5 goblins
  6 kobolds
  A leopard gecko skeleton (D:6)
  A quokka skeleton (D:5)
  10 rats
205 creatures vanquished.

Vanquished Creatures (others)
  Grinder (D:6)
  A scorpion (D:6)
  4 bushes (D:8)
  A fungus (D:8)
  20 plants
27 creatures vanquished.

Grand Total: 232 creatures vanquished

Notes
Turn   | Place    | Note
-------+----------+-------------------------------------------
     0 | D:1      | avis the Ogre Transmuter began the quest for the Orb.
     0 | D:1      | Reached XP level 1. HP: 19/19 MP: 3/3
    34 | D:1      | Reached XP level 2. HP: 16/28 MP: 5/5
   856 | D:1      | Reached XP level 3. HP: 34/37 MP: 4/6
   862 | D:1      | Reached skill level 2 in Transmutations
   894 | D:1      | Learned a level 2 spell: Wereblood
   898 | D:1      | Learned a level 3 spell: Spider Form
   935 | D:2      | Noticed Sigmund
   944 | D:2      | Killed Sigmund
   944 | D:2      | Reached XP level 4. HP: 44/45 MP: 3/8
   944 | D:2      | Reached XP level 5. HP: 52/53 MP: 3/9
   960 | D:2      | Upgraded the game from 0.26-a0-649-gf8c6c3aab7 to
                  | 0.26-a0-651-gb41185065b
   965 | D:2      | Learned a level 4 spell: Ice Form
  1006 | D:2      | Reached skill level 3 in Transmutations
  1615 | D:3      | Noticed Terence
  1770 | D:3      | Killed Terence
  1770 | D:3      | Reached XP level 6. HP: 46/61 MP: 7/10
  2092 | D:3      | Identified the cursed +3 mace of Ced Igo {drain, Stlth+}
  2095 | D:3      | Found a runed translucent gate.
  2095 | D:3      | Found a runed translucent gate.
  2095 | D:3      | Found a runed translucent gate.
  2095 | D:3      | Noticed sahdkjhfkaj's ghost (amateur GnWn)
  2098 | D:3      | Found a roughly hewn altar of Beogh.
  2232 | D:3      | Found a basalt altar of Yredelemnul.
  2286 | D:3      | Found a white marble altar of Elyvilon.
  2898 | D:2      | Killed sahdkjhfkaj's ghost
  2898 | D:2      | Reached skill level 1 in Ice Magic
  3232 | D:4      | Reached XP level 7. HP: 70/70 MP: 7/11
  3514 | D:4      | Found a sparkling altar of Nemelex Xobeh.
  4170 | D:5      | Entered Level 5 of the Dungeon
  4318 | D:5      | Found a stormy altar of Qazlal.
  4487 | D:5      | Reached skill level 5 in Fighting
  4791 | D:5      | Found a radiant altar of Vehumet.
  4833 | D:5      | Reached XP level 8. HP: 76/80 MP: 8/12
  5068 | D:6      | Killed Grinder
  5170 | D:6      | Noticed Prince Ribbit
  5200 | D:5      | Killed Prince Ribbit
  5200 | D:5      | Reached skill level 4 in Transmutations
  5353 | D:6      | Reached skill level 5 in Dodging
  5353 | D:6      | Reached skill level 5 in Unarmed Combat
  5353 | D:6      | Reached XP level 9. HP: 55/88 MP: 15/15
  5397 | D:6      | Noticed Edmund
  5410 | D:6      | Killed Edmund
  5410 | D:6      | Reached skill level 5 in Transmutations
  5416 | D:6      | Noticed Menkaure
  5449 | D:6      | Killed Menkaure
  5502 | D:6      | Got a smoking robe
  5529 | D:6      | Reached skill level 6 in Transmutations
  5535 | D:6      | Found a glowing silver altar of Zin.
  5536 | D:6      | Found a shadowy altar of Dithmenos.
  5536 | D:6      | Found a bloodstained altar of Trog.
  5537 | D:6      | Found a burning altar of Makhleb.
  5565 | D:6      | Identified the +1 robe of the Past {*Contam Rampage +Inv
                  | Str+3} (You found it on level 6 of the Dungeon)
  5572 | D:6      | Noticed Eustachio
  5586 | D:6      | Killed Eustachio
  5616 | D:6      | Found a glowing drain.
  5627 | Sewer    | Entered a sewer
  6008 | Sewer    | Reached skill level 7 in Transmutations
  6852 | D:6      | Found a hazy altar of Hepliaklqana.
  6855 | D:6      | Found an opulent altar of Gozag.
  7073 | D:6      | Learned a level 5 spell: Blade Hands
  7277 | D:7      | Found a staircase to the Ecumenical Temple.
  7280 | D:7      | Got a faintly glowing long sword
  7305 | D:7      | Reached skill level 1 in Evocations
  7330 | Temple   | Entered the Ecumenical Temple
  7672 | Temple   | Became a worshipper of Warmaster Okawaru
  7709 | Temple   | Identified the +7 long sword "Impslayer" {flame, Fragile
                  | Dex+3} (You found it on level 7 of the Dungeon)
  7946 | D:7      | Reached skill level 1 in Invocations
  7947 | D:7      | Reached XP level 10. HP: 39/96 MP: 11/16
  8248 | D:7      | Got a pitted falchion
  8359 | D:7      | Identified the cursed +0 falchion "Tami Vyt" {vorpal,
                  | Dex+5} (You found it on level 7 of the Dungeon)
  8557 | D:8      | Found a staircase to the Lair.
  8558 | D:8      | Reached * piety under Okawaru
  8564 | D:8      | Reached skill level 8 in Transmutations
  8583 | D:8      | Reached ** piety under Okawaru
  9356 | D:8      | Noticed Joseph
  9366 | D:8      | Killed Joseph
  9366 | D:8      | Reached *** piety under Okawaru
  9537 | D:8      | Found a shimmering blue altar of Sif Muna.
  9971 | Lair:1   | Entered Level 1 of the Lair of Beasts
  9991 | Lair:1   | Got a glimmering short sword
  9997 | Lair:1   | Noticed a six-headed hydra
 10046 | Lair:1   | HP: 1/115 [six-headed hydra (15)]
 10048 | Lair:1   | Killed a six-headed hydra
 10048 | Lair:1   | Reached **** piety under Okawaru
 10048 | Lair:1   | Reached skill level 5 in Invocations
 10048 | Lair:1   | Reached skill level 5 in Evocations
 10048 | Lair:1   | Reached XP level 11. HP: 2/102 MP: 14/17
 10048 | Lair:1   | Mangled by a blink frog

Illustrated notes

Levels and vault maps discovered:
D:1:      grunt_arrival_crossed_arrows, layout_basic, solitary_fountain,
          minmay_statues_item
D:2:      layout_basic, minmay_misc_feat_plants, grunt_ministairs_1,
          uniq_sigmund
D:3:      layout_loops_ring, kennysheep_ying_yang, biasface_ghost_orc_armoury,
          uniq_terence
D:4:      layout_rooms, nemelex_xobeh_ov_fountains_minmay, serial_rivers,
          chequers_serial_rivers_micro_c, chequers_serial_rivers_micro_a,
          chequers_serial_rivers_small_b, chequers_serial_rivers_micro_c,
          chequers_serial_rivers_room_b
D:5:      layout_basic, lemuel_doored_altar, nicolae_qazlal_eye_of_the_storm
D:6:      layout_cave_pools, minitemple, gammafunk_temple_overflow_statue,
          cheibrodos_sewer_entry_bend, lemuel_flamethrower_2,
          uniq_prince_ribbit1, uniq_eustachio, uniq_menkaure, uniq_edmund,
          uniq_grinder
D:7:      layout_rooms, minmay_temple_entry_grid, kennysheep_generic_room_11
D:8:      layout_rooms, minmay_lair_entry_grove, basic_altar, uniq_joseph
Temple:   jpeg_temple_alley_garden
Lair:1:   layout_concentric_octagons, st_stairs_3

Skill      XL: |  1  2  3  4  5  6  7  8  9 10 |
---------------+-------------------------------+-----
Fighting       | 2 3 4 5 |  5.0
Dodging        | 2 3 5 |  5.0
Unarmed Combat | 3 4 5 6 |  6.5
Transmutations | 2 3 4 7 8 |  8.6
Spellcasting   | 3 4 |  4.0
Poison Magic   | 2 3 |  3.0
Ice Magic      | 1 3 4 |  4.0
Evocations     | 2 5 |  5.0
Invocations    | 1 5 |  5.0

Action                   |  1- 3 |  4- 6 |  7- 9 | 10-12 || total
-------------------------+-------+-------+-------+-------++-------
Melee: Unarmed           |    59 |   130 |   316 |    87 ||   592
       Kick              |    15 |       |       |       ||    15
       Headbutt          |     8 |       |       |       ||     8
       Long sword        |       |       |     8 |     3 ||    11
       Punch             |       |       |     1 |     1 ||     2
       Falchion          |       |       |       |     5 ||     5
 Cast: Beastly Appendage |    16 |       |       |       ||    16
       Spider Form       |     1 |    24 |    29 |       ||    54
       Ice Form          |       |       |    17 |     1 ||    18
       Blade Hands       |       |       |     2 |    11 ||    13
Invok: Heroism           |       |       |       |     2 ||     2
 Abil: End Transformatio |       |       |     1 |       ||     1
  Use: Scroll            |     1 |     1 |    12 |     6 ||    20
       Potion            |       |     2 |     1 |     2 ||     5
Armor: Robe              |    11 |     4 |     8 |    19 ||    42
       Skin              |       |     4 |    34 |     2 ||    40
Dodge: Dodged            |    35 |    96 |   235 |    50 ||   416
       Rpst.: Long sword |       |       |     1 |       ||     1

Table legend: (Time is in decaauts)
 A = Elapsed time spent in this place.
 B = Non-inter-level travel time spent in this place.
 C = Inter-level travel time spent in this place.
 D = Time resting spent in this place.
 E = Time spent auto-exploring this place.
 F = Levels seen in this place.
 G = Mean time per level.
                   A        B        C        D        E       F      G
               +--------+--------+--------+--------+--------+-----+--------+
         Total |  10046 |   9501 |    545 |   2315 |   4272 |  11 |  913.3 |
       Dungeon |   8609 |   8066 |    543 |   2118 |   3380 |   8 | 1076.1 |
        Temple |    396 |    395 |      1 |      0 |    309 |   1 |  396.0 |
          Lair |     46 |     46 |      0 |      0 |      0 |   1 |   46.0 |
         Sewer |    994 |    994 |      0 |    197 |    582 |   1 |  994.0 |
               +--------+--------+--------+--------+--------+-----+--------+

Top non-repeatable levels by time:
     D:8: 1245 daAuts
     D:7: 1215 daAuts
     D:3: 1185 daAuts
     D:2: 1133 daAuts
     D:1: 1072 daAuts
     D:6: 1014 daAuts
   Sewer: 994 daAuts
     D:4: 880 daAuts
     D:5: 862 daAuts
  Temple: 396 daAuts
  Lair:1: 46 daAuts
